 Dungeon Crawl Stone Soup version 0.28-a0-1415-g7c84da036a (webtiles) character file.

Game seed: 4405539858956095390

2734 Hasart the Sneak (level 9, 0/45 HPs)
             Began as a Kobold Enchanter on Jan 8, 2022.
             Engulfed by a steam dragon's steam (4 damage)
             ... on level 8 of the Dungeon.
             The game lasted 00:20:56 (10396 turns).

Hasart the Sneak (Kobold Enchanter)                Turns: 10396, Time: 00:20:57

Health: 0/45       AC:  7    Str:  5    XL:     9   Next: 99%
Magic:  13/16      EV: 16    Int: 21    God:
Gold:   196        SH:  5    Dex: 15    Spells: 10/18 levels left

rFire   . . .      SeeInvis +   v - +2 dagger (venom)
rCold   . . .      Faith    .   (no shield)
rNeg    . . .      Spirit   .   j - +0 leather armour {rPois}
rPois   +          Reflect  +   (no helmet)
rElec   .          Harm     .   x - scarf {+Inv}
rCorr   .          Rampage  .   (no gloves)
Will    .....                   (no boots)
Stlth   ++++......              A - amulet of reflection
HPRegen 0.15/turn               m - +4 ring of protection
MPRegen 0.15/turn               p - ring of see invisible

@: confusing by touch
A: small, no large weapons, nightstalker 3
a: Evoke Invisibility


You were on level 8 of the Dungeon.
You visited 2 branches of the dungeon, and saw 9 of its levels.

You collected 364 gold pieces.
You spent 168 gold pieces at shops.

Inventory:

Hand Weapons
 v - a +2 dagger of venom (weapon)
Missiles
 y - a throwing net (quivered)
Armour
 j - a +0 leather armour of poison resistance (worn)
 x - a scarf of invisibility (worn)
Jewellery
 i - an amulet of the acrobat
 m - a +4 ring of protection (left hand)
 p - a ring of see invisible (right hand)
 A - an amulet of reflection (around neck)
Wands
 q - a wand of mindburst (16)
 B - a wand of paralysis (8)
Scrolls
 d - 3 scrolls of torment {unknown}
 e - 7 scrolls of identify {unknown}
 g - 2 scrolls of teleportation {unknown}
 k - a scroll of blinking {unknown}
 n - a scroll of amnesia {unknown}
 r - 2 scrolls of fog {unknown}
 u - a scroll of enchant weapon {unknown}
 C - a scroll of holy word {unknown}
Potions
 a - a potion of might {unknown}
 b - 3 potions of heal wounds {unknown}
 c - a potion of invisibility
 f - a potion of curing {unknown}
 h - 3 potions of lignification {unknown}
 l - 2 potions of attraction {unknown}
 o - a potion of brilliance {unknown}
 s - a potion of degeneration {unknown}
 t - a potion of flight {unknown}
 w - a potion of haste {unknown}
 z - a potion of mutation {unknown}


   Skills:
 + Level 6.2 Short Blades
 + Level 6.1 Dodging
 + Level 7.8 Stealth
 + Level 5.2 Spellcasting
 * Level 7.5 Hexes
 + Level 4.4 Ice Magic
 * Level 3.1 Evocations


You had 10 spell levels left.
You knew the following spells:

 Your Spells              Type           Power      Damage    Failure   Level
a - Ensorcelled Hibernat  Hex/Ice        60%        N/A       2%          2
b - Confusing Touch       Hex            37%        N/A       2%          3
c - Tukima's Dance        Hex            37%        N/A       2%          3

Your spell library contained the following spells:

 Spells                   Type           Power      Damage    Failure   Level
 Dazzling Flash           Conj/Hex       42%        N/A       11%         3
 Apportation              Tloc           10%        N/A       19%         1
 Static Discharge         Conj/Air       5%         N/A       26%         2
 Conjure Flame            Conj/Fire      5%         6-21      47%         3
 Ignite Poison            Fire/Tmut/Pois 5%         N/A       47%         3
 Dispel Undead            Necr           5%         3d7       87%         4
 Sticky Flame             Conj/Fire      5%         2d3       87%         4
 Alistair's Intoxication  Tmut/Pois      3%         N/A       99%         5


Dungeon Overview and Level Annotations

Branches:
Dungeon (8/15)             Temple (1/1) D:4
   Lair: D:8-11

Altars:
Ashenzari
Cheibriados
Dithmenos
Elyvilon
Fedhas
Kikubaaqudgha
Makhleb
Nemelex Xobeh
Okawaru
Qazlal
Ru
Sif Muna
Trog
Vehumet
Xom
Yredelemnul
Zin
The Shining One

Shops:
D:1 =   D:7 *

Annotations:
D:5 Duvessa


Innate Abilities, Weirdness & Mutations

You are small and have problems with some larger weapons.
You are completely attuned to the shadows.


Message History

You miss the kobold. The kobold hits you with a +0 whip.
You hit the kobold.
You kill the kobold!
No target in view!
No target in view!
No target in view!
No target in view!
No target in view!
No target in view!
No target in view!
No target in view!
No target in view!
No target in view!
No target in view!
HP restored.
Items here: ( )) †.
A white imp comes into view.
The helpless white imp fails to defend itself.
You spit the white imp like a pig!!!
You kill the white imp!
Found a shadowy altar of Dithmenos.
A steam dragon comes into view.
A steam dragon is nearby!
The steam dragon hisses angrily.
The steam dragon breathes steam at you. The ball of steam hits you!
Casting: Ensorcelled Hibernation (safe; 2% risk of failure)
Confirm with . or Enter, or press ? or * to list all spells.
Your hands begin to glow red.
You are engulfed in a cloud of scalding steam.
You hit the steam dragon but do no damage.
You are engulfed in a cloud of scalding steam.
The steam dragon breathes steam at you. The ball of steam hits you!
* * * LOW HITPOINT WARNING * * *
You barely miss the steam dragon.
You hit the steam dragon but do no damage.
You punch the steam dragon, but do no damage.
You are engulfed in a cloud of scalding steam.
You die...

#..# #.# #..#
#.# #..# #.# #.#
.#####.#
.......#######
.####........###
#.######.§§###
####.# #.§@D.#
#......#
#...##§.#
#..###.#
#..##....#
#....#.#
#...#._...#
#.#.#.#
#...##....#
#.....# ##))#.#
#)##.# #.##.#


You could see a steam dragon (catching breath).

Vanquished Creatures
  Sigmund (D:3)
  A steam dragon (D:8)
  5 ice beasts
  A sky beast (D:7)
  2 ogres
  A centaur (D:6)
  A necrophage (D:6)
  2 bullfrogs (D:7)
  A kobold brigand (D:8)
  3 gnoll sergeants
  2 scorpions
  Dowan (D:5)
  A water moccasin skeleton (D:5)
  A bullfrog zombie (D:6)
  A jelly (D:5)
  A centaur skeleton (D:6)
  2 orc priests
  2 gnoll shamans (D:5)
  2 bullfrog skeletons
  Ijyb (D:3)
  3 iguanas
  7 orc wizards
  A hound skeleton (D:4)
  A howler monkey zombie (D:5)
  21 gnolls
  6 adders
  4 white imps
  2 adder skeletons
  A worm (D:2)
  3 dart slugs
  17 orcs
  6 ball pythons
  5 endoplasms
  A giant cockroach (D:4)
  4 goblins
  2 hobgoblins (D:2)
  8 jackals
  2 quokkas (D:4)
  3 bats
  5 frilled lizards
  11 kobolds
  5 rats
150 creatures vanquished.

Vanquished Creatures (others)
  26 plants (D:6)
26 creatures vanquished.

Grand Total: 176 creatures vanquished

Notes
Turn   | Place    | Note
-------+----------+-------------------------------------------
     0 | D:1      | Hasart the Kobold Enchanter began the quest for the Orb.
     0 | D:1      | Reached XP level 1. HP: 10/10 MP: 3/3
    51 | D:1      | Found Kouser's Jewellery Boutique.
   845 | D:1      | Reached XP level 2. HP: 10/15 MP: 5/5
  1056 | D:1      | Learned a level 2 spell: Ensorcelled Hibernation
  1430 | D:2      | Found a faded altar of an unknown god.
  1481 | D:2      | Reached XP level 3. HP: 19/19 MP: 6/6
  2236 | D:3      | Noticed Ijyb
  2249 | D:3      | Killed Ijyb
  2250 | D:3      | Reached XP level 4. HP: 17/24 MP: 3/7
  2401 | D:3      | Reached skill level 1 in Ice Magic
  2407 | D:3      | Learned a level 3 spell: Confusing Touch
  2512 | D:2      | Reached XP level 5. HP: 7/28 MP: 0/9
  2920 | D:3      | Noticed Sigmund
  2928 | D:3      | Killed Sigmund
  2929 | D:3      | Reached skill level 5 in Stealth
  2929 | D:3      | Reached XP level 6. HP: 12/32 MP: 4/10
  3740 | D:4      | Reached XP level 7. HP: 36/36 MP: 11/11
  3746 | D:4      | Found a sparkling altar of Nemelex Xobeh.
  4131 | D:4      | Found a staircase to the Ecumenical Temple.
  4150 | D:4      | Reached skill level 5 in Hexes
  4156 | Temple   | Entered the Ecumenical Temple
  4901 | D:5      | Entered Level 5 of the Dungeon
  5486 | D:5      | Noticed Dowan
  5488 | D:5      | Noticed Duvessa
  5489 | D:5      | Killed Dowan
  5775 | D:4      | Learned a level 3 spell: Tukima's Dance
  5790 | D:5      | Reached XP level 8. HP: 28/41 MP: 9/13
  5899 | D:5      | Found a burning altar of Makhleb.
  6665 | D:5      | Found a stormy altar of Qazlal.
  6666 | D:5      | You fall into a shaft and drop 1 floor!
  7150 | D:6      | Reached skill level 5 in Dodging
  7179 | D:6      | Reached skill level 5 in Short Blades
  7636 | D:6      | Reached XP level 9. HP: 45/45 MP: 15/15
  8439 | D:6      | Found a shimmering blue altar of Sif Muna.
  8449 | D:6      | Found an ancient bone altar of Kikubaaqudgha.
  8459 | D:6      | Found a radiant altar of Vehumet.
  8622 | D:6      | Found a glowing golden altar of the Shining One.
  8729 | D:7      | Found Rumu's Neck Hole.
  8734 | D:7      | Bought a scarf of invisibility for 168 gold pieces
  8851 | D:7      | Reached skill level 1 in Evocations
  9065 | D:7      | Reached skill level 5 in Spellcasting
 10387 | D:8      | Found a shadowy altar of Dithmenos.
 10396 | D:8      | Engulfed by a steam dragon's steam

Illustrated notes

Levels and vault maps discovered:
D:1:      dpeg_arrival_pits, layout_basic, serial_shops,
          nicolae_shop_advertising_works [nicolae_subvault_shop_adworks]
D:2:      layout_rooms, chequers_ecumenical_altar_grove, minmay_tromino_v4_c
D:3:      cheibrodos_pilgrimage, layout_rooms, uniq_ijyb, uniq_sigmund
D:4:      layout_loops_ring, nemelex_xobeh_ov_fountains_minmay,
          minmay_temple_entry_large_hall
D:5:      layout_loops_ring, lemuel_doored_altar, mainiacjoe_overflow_boulevard,
          mainiacjoe_overflow_six_doors_small, uniq_duvessa
D:6:      layout_basic, palyth_temple_overflow_mages, tso_oasis_becter,
          nicolae_grassy_gnolls
D:7:      layout_cave_pods, nicolae_shop_sticking_my_neck_out
D:8:      minmay_cornered_nines, layout_loops_ring, kennysheep_little_box,
          nicolae_dithmenos_through_a_glass_darkly,
          amethyst_overflow_temple_binary
Temple:   cyrus_temple_forest

Skill      XL: |  1  2  3  4  5  6  7  8  9 |
---------------+----------------------------+-----
Short Blades   | 2 3 4 5 6 |  6.2
Dodging        | 3 4 5 6 |  6.1
Ice Magic      | 1 2 3 4 |  4.4
Hexes          | 4 5 6 7 |  7.5
Stealth        | 5 6 7 |  7.8
Spellcasting   | 3 4 5 |  5.2
Evocations     | 3 |  3.1

Action                   |  1- 3 |  4- 6 |  7- 9 || total
-------------------------+-------+-------+-------++-------
Melee: Dagger            |   129 |   136 |   296 ||   561
       Punch             |     3 |     5 |     5 ||    13
       Short sword       |       |       |    67 ||    67
 Cast: Ensorcelled Hiber |     3 |    10 |    42 ||    55
       Confusing Touch   |       |     2 |    12 ||    14
       Tukima's Dance    |       |       |     3 ||     3
 Stab: Sleeping          |    12 |    12 |    55 ||    79
       Confused          |       |     2 |     6 ||     8
       Distracted        |       |       |     1 ||     1
Armor: Leather armour    |    13 |    28 |    65 ||   106
Dodge: Dodged            |    96 |    84 |   207 ||   387
Block: Other             |       |       |     3 ||     3

Table legend: (Time is in decaauts)
 A = Elapsed time spent in this place.
 B = Non-inter-level travel time spent in this place.
 C = Inter-level travel time spent in this place.
 D = Time resting spent in this place.
 E = Time spent auto-exploring this place.
 F = Levels seen in this place.
 G = Mean time per level.
                   A        B        C        D        E       F      G
               +--------+--------+--------+--------+--------+-----+--------+
         Total |  10268 |  10020 |    248 |   1828 |   6730 |   9 | 1140.9 |
       Dungeon |  10124 |   9920 |    204 |   1828 |   6641 |   8 | 1265.5 |
        Temple |    144 |    100 |     44 |      0 |     89 |   1 |  144.0 |
               +--------+--------+--------+--------+--------+-----+--------+

Top non-repeatable levels by time:
     D:6: 2017 daAuts
     D:3: 1653 daAuts
     D:4: 1489 daAuts
     D:7: 1218 daAuts
     D:5: 1159 daAuts
     D:1: 1095 daAuts
     D:2: 1054 daAuts
     D:8: 436 daAuts
  Temple: 144 daAuts
